 Dungeon Crawl Stone Soup version 0.31-a0-799-g6bc09d010c (webtiles) character file.

Game seed: 11785541806273149868

93 demibob the Poker (level 4, -4/35 HPs)
             Began as a Merfolk Chaos Knight on Sept 19, 2023.
             Was a Plaything of Xom.
             Slain by a sky beast (5 damage)
             ... on level 3 of the Dungeon.
             The game lasted 00:03:02 (2270 turns).

demibob the Poker (Merfolk Chaos Knight)            Turns: 2270, Time: 00:03:03

Health: -4/35      AC:  3    Str: 12    XL:     4   Next: 62%
Magic:  4/4        EV: 12    Int: 11    God:    Xom [..*...]
Gold:   130        SH:  0    Dex: 15    Spells: 3/3 levels left

rFire   . . .        a - +0 spear (chaos)
rCold   . . .        (no shield)
rNeg    . . .        f - +0 leather armour {rPois}
rPois   +            (no helmet)
rElec   .            (no cloak)
rCorr   .            (no gloves)
SInv    .            (no boots)
Will    .....        (no amulet)
Stlth   +            (no ring)
HPRegen 0.25/turn    (no ring)
MPRegen 0.09/turn

%: no passive effects
@: mighty
A: (nimble swimmer 2), mertail
a: Renounce Religion


You were on level 3 of the Dungeon.
You worshipped Xom.
You were a toy of Xom.
You visited 1 branch of the dungeon, and saw 3 of its levels.

You collected 130 gold pieces.


Innate Abilities, Weirdness & Mutations

((You are very nimble when in or above water. (Stealth+, EV+, Speed+++)))
Your lower body shifts to a powerful aquatic tail in water.


   Skills:
 - Level 3.2 Fighting
 + Level 7.0 Polearms
 - Level 0.6 Armour
 - Level 2.6 Dodging


You had 3 spell levels left.
You didn't know any spells.
Your spell library contained the following spells:

 Spells                   Type           Power      Damage    Failure   Level
 Hailstorm                Conj/Ice       0%         3d3       80%         3
 Summon Ice Beast         Ice/Summ       0%         N/A       99%         4
 Simulacrum               Ice/Necr       0%         N/A       100%        6

Inventory:

Hand Weapons
 a - a +0 spear of chaos (weapon)
Armour
 f - a +0 leather armour of poison resistance (worn)
 h - a +0 helmet
Wands
 g - a wand of digging (4)
Scrolls
 c - a scroll of butterflies
 d - a scroll of identify {@r1}
 i - a scroll of silence {unknown}

Dungeon Overview and Level Annotations

Branches:
Dungeon (3/15)

Altars:

Shops:
D:1

[:?(* ######....
#.........
####.######..
#....### ###
#.#....#
#.#....#
#.#....#
#########.#.#.##
#...@.....#.#.#
#
#.#########.#.#
# #.#.# # #.#.#
.## ... .##


There were no monsters in sight!


Message History

Found a stone staircase leading down.
No target in view!
There is a stone staircase leading down here.
h - a +0 helmet
i - a scroll labelled QIODUINEUDD A sky beast comes into view.
The sky beast flickers out of sight!
Deactivating autopickup; reactivate with Ctrl-A.
No target in view!
No target in view!
You see here 9 gold pieces.
You barely miss something. Something hits you. Something shocks you.
You miss something. Something hits you. Something shocks you.
You hit something. You burn something. Something hits you.
Something shocks you.
* * * LOW HITPOINT WARNING * * *
You hit something.
Unknown command.
It was a potion of might.
You feel very mighty all of a sudden.
Xom thinks this is hilarious!
Something hits you but does no damage.
You miss something. Something hits you.
* * * LOW HITPOINT WARNING * * *
Something shocks you.
* * * LOW HITPOINT WARNING * * *
It was a potion of magic.
Magic courses through your body. Something hits you.
* * * LOW HITPOINT WARNING * * *
Something shocks you.
You die...

Skill      XL: |  1  2  3  4 |
---------------+-------------+-----
Polearms       | 5 6 7 |  7.0
Fighting       | |  3.2
Armour         | |  0.6
Dodging        | |  2.6

Action                     |  1- 3 |  4- 6 || total
---------------------------+-------+-------++-------
  Melee: Spear             |    67 |    55 ||   122
         Punch             |     3 |       ||     3
    Use: Scroll            |     5 |       ||     5
         Potion            |     2 |     2 ||     4
 Armour: Leather armour    |    22 |    26 ||    48
  Dodge: Dodged            |    19 |    15 ||    34

Levels and vault maps discovered:
D:1:      onia_arrival_zoo_common, layout_basic, serial_shops, shop,
          nicolae_shop_peninsula, nicolae_shop_tiny_statue_garden,
          nicolae_shop_trees, nicolae_shop_overgrown_old_shop
D:2:      layout_loops_corners, corexii_corridor_pit,
          ebering_dispersal_statue_hall
D:3:      layout_loops_ring, nicolae_figureground_sparkle

Notes
Turn   | Place    | Note
-------+----------+-------------------------------------------
     0 | D:1      | demibob the Merfolk Chaos Knight began the quest for the
                  | Orb.
     0 | D:1      | Reached XP level 1. HP: 18/18 MP: 1/1
     7 | D:1      | Noticed a ragged hierophant
     7 | D:1      | Noticed a tyrant leech
     7 | D:1      | Noticed a komodo dragon
     8 | D:1      | Noticed a yaktaur captain
    78 | D:1      | Reached XP level 2. HP: 24/24 MP: 2/2
   116 | D:1      | Found Ginto's Armour Shoppe.
   152 | D:1      | XOM: silly message
   175 | D:1      | Found Boydgh's Assorted Antiques.
   221 | D:1      | XOM: god gift: scroll labelled BOQOASTR BUQE {god gift}
   276 | D:1      | Found Hyozair's Book Emporium.
   290 | D:1      | Found Lixuw's Magic Scroll Emporium.
   325 | D:1      | Found Zidghost's Weapon Shoppe.
   375 | D:1      | Reached skill level 5 in Polearms
  1003 | D:2      | Reached XP level 3. HP: 29/29 MP: 3/3
  1103 | D:2      | XOM: silly message
  1144 | D:2      | Reached skill level 6 in Polearms
  1491 | D:2      | XOM is BORED!
  1491 | D:2      | XOM: noise
  1654 | D:3      | XOM: silly message
  1661 | D:2      | Reached XP level 4. HP: 7/35 MP: 4/4
  2110 | D:3      | XOM: 2-stop teleportation journey
  2186 | D:3      | Reached skill level 7 in Polearms
  2259 | D:3      | Noticed a sky beast
  2270 | D:3      | HP: 1/35 [something (4)]
  2270 | D:3      | Slain by a sky beast

Vanquished Creatures
  An orc priest (D:2)
  2 adders (D:2)
  A worm (D:3)
  A dart slug (D:3)
  4 orcs
  4 endoplasms
  2 giant cockroaches
  7 hobgoblins
  5 kobolds
  2 ball pythons
  A bat (D:2)
  A frilled lizard (D:3)
  3 goblins (D:1)
  2 rats
36 creatures vanquished.

Table legend: (Time is in decaauts)
 A = Elapsed time spent in this place.
 B = Non-inter-level travel time spent in this place.
 C = Inter-level travel time spent in this place.
 D = Time resting spent in this place.
 E = Time spent auto-exploring this place.
 F = Levels seen in this place.
 G = Mean time per level.
                   A        B        C        D        E       F      G
               +--------+--------+--------+--------+--------+-----+--------+
         Total |   2231 |   2186 |     45 |    160 |   1754 |   3 |  743.7 |
       Dungeon |   2231 |   2186 |     45 |    160 |   1754 |   3 |  743.7 |
               +--------+--------+--------+--------+--------+-----+--------+

Top non-repeatable levels by time:
     D:2: 1000 daAuts
     D:1: 815 daAuts
     D:3: 415 daAuts

Table legend:
 A = Non-vault XP
 B = Vault XP
 C = Vault XP percentage of total XP
 D = Non-vault monster count
 E = Vault monster count
 F = Vault count percentage of total count
                 A         B        C        D         E       F
            +---------+---------+-------+---------+---------+-------
      Total |     134 |       0 |   0.0 |      35 |       0 |   0.0
            +---------+---------+-------+---------+---------+-------
        D:1 |      25 |       0 |   0.0 |      14 |       0 |   0.0
        D:2 |      85 |       0 |   0.0 |      11 |       0 |   0.0
        D:3 |      24 |       0 |   0.0 |      10 |       0 |   0.0
            +---------+---------+-------+---------+---------+-------
